 Dungeon Crawl Stone Soup version 0.30-a0-266-g2b27a225a3 (webtiles) character file.

Game seed: 16672022966628369679

77 kerekes the Trooper (level 4, -17/41 HPs)
             Began as a Draconian Berserker on Oct 14, 2022.
             Was a Believer of Trog.
             Demolished by Crazy Yiuf
             ... wielding a +3 quarterstaff of chaos
              (25 damage)
             ... on level 2 of the Dungeon.
             The game lasted 00:04:35 (1423 turns).

kerekes the Trooper (Draconian Berserker)           Turns: 1423, Time: 00:04:35

Health: -17/41     AC:  5    Str: 21    XL:     4   Next: 14%
Magic:  0/1        EV: 12    Int:  7    God:    Trog [**....]
Gold:   69         SH:  0    Dex: 11    Spells: 3/3 levels left

rFire   . . .      SeeInvis .    g - +1 dagger (antimagic)
rCold   . . .      Faith    .    (no shield)
rNeg    . . .      Spirit   .    (body armour unavailable)
rPois   +          Reflect  .    (helmet restricted)
rElec   .          Harm     .    (no cloak)
rCorr   .          Rampage  .    (no gloves)
Will    ++...                    (no boots)
Stlth   +.........               (no amulet)
HPRegen 1.26/turn                d - ring of poison resistance
MPRegen 0.07/turn                (no ring)

@: strong-willed, regenerating
A: AC +5, unfitting armour, cold-blooded
a: Renounce Religion, Berserk, Trog's Hand


You were on level 2 of the Dungeon.
You worshipped Trog.
Trog was pleased with you.
You visited 1 branch of the dungeon, and saw 2 of its levels.

You collected 69 gold pieces.

Inventory:

Hand Weapons
 a - a +0 falchion
 g - a +1 antimagic dagger (weapon)
Jewellery
 d - a ring of poison resistance (left hand)
Scrolls
 e - a scroll of identify {unknown}
 h - a scroll of vulnerability {unknown}
Potions
 b - 2 potions of curing {unknown}
 c - a potion of cancellation {unknown}
 f - a potion of might


   Skills:
 * Level 4.4 Fighting
 + Level 3.6 Long Blades
 + Level 3.2 Dodging


You had 3 spell levels left.
You didn't know any spells.
Your spell library contained the following spells:

 Spells                   Type           Power      Damage    Failure   Level
 Freeze                   Ice            0%         1d3       43%         1
 Frozen Ramparts          Ice            0%         1d1       80%         3
 Hailstorm                Conj/Ice       0%         3d3       80%         3


Dungeon Overview and Level Annotations

Branches:
Dungeon (2/15)

Altars:

Annotations:
D:2 Crazy Yiuf


Innate Abilities, Weirdness & Mutations

Your plain brown scales are hard. (AC +5)
You cannot fit into any form of body armour.
You are cold-blooded and may be slowed by cold attacks.


Message History

No target in view!
You open the door.
h - a scroll labelled BOASOV KAEL You see here a +0 mace.
Found a hammer.
Found a runed translucent door.
Crazy Yiuf shouts!
Crazy Yiuf says, "Snoogle arga forty-two!"
You see here a +0 mace.
You see here a quokka corpse.
You now have 69 gold pieces (gained 16).
Found an escape hatch in the ceiling.
Crazy Yiuf shouts!
Crazy Yiuf says, "Ten sanguine ragdoll!"
You open the door.
Crazy Yiuf drinks a potion.
Crazy Yiuf seems to grow stronger.
Crazy Yiuf hits you with a +3 quarterstaff of chaos!
You are electrocuted!
There is an open translucent door, spattered with blood here.
You are too injured to fight recklessly!
Your skin crawls.
You feel strong-willed.
Crazy Yiuf sings, "Trees, trees, trees, circus!"
Crazy Yiuf barely misses you.
You are too injured to fight recklessly!
You are too injured to fight recklessly!
You are too injured to fight recklessly!
You are too injured to fight recklessly!
You hit Crazy Yiuf but do no damage.
Crazy Yiuf cries, "Action!
Cod sing-song foot."
Crazy Yiuf barely misses you.
You hit Crazy Yiuf.
Crazy Yiuf is lightly wounded.
Crazy Yiuf hits you with a +3 quarterstaff of chaos!
* * * LOW HITPOINT WARNING * * *
You feel your power leaking away.
You hit Crazy Yiuf but do no damage.
Crazy Yiuf is lightly wounded.
Crazy Yiuf hits you with a +3 quarterstaff of chaos!!
Ouch! That really hurt!
You die...

#.....###.#..........
#.... #.#.....#####
#### #.#.#.###
####### ########
#...÷... ####
♣♣##....### #)..#♣♣
♣♣.#..#...##
#..g@.♣♣♣♣......##+##
#...#♣..♣.......#≈≈≈#
#### ♣♣♣.♣..#...+≈≈§+
♣♣♣♣♣##..#§§≈#
##)##'## ####..#.##
#.........
##.#.†##.##
##.###.##.##


You could see Crazy Yiuf (strong).

Vanquished Creatures
  Jessica (D:2)
  An adder (D:2)
  A worm (D:2)
  4 endoplasms
  2 giant cockroaches (D:1)
  4 goblins
  3 hobgoblins
  3 quokkas
  5 ball pythons
  5 bats
  4 kobolds
  2 rats
35 creatures vanquished.

Notes
Turn   | Place    | Note
-------+----------+-------------------------------------------
     0 | D:1      | kerekes the Draconian Berserker began the quest for the
                  | Orb.
     0 | D:1      | Reached XP level 1. HP: 19/19 MP: 1/1
   158 | D:1      | Reached XP level 2. HP: 27/27 MP: 2/2
   561 | D:1      | Reached skill level 4 in Fighting
   808 | D:2      | Reached XP level 3. HP: 26/33 MP: 3/3
   885 | D:2      | Reached ** piety under Trog
   972 | D:2      | Noticed Jessica
   979 | D:2      | Killed Jessica
   981 | D:2      | Reached XP level 4. HP: 34/41 MP: 0/4
  1276 | D:2      | Found a runed translucent door.
  1277 | D:2      | Noticed Crazy Yiuf
  1423 | D:2      | Demolished by Crazy Yiuf

Illustrated notes

Levels and vault maps discovered:
D:1:      shiori_arrival_elements, layout_basic, minmay_unequal
D:2:      layout_loops_cross, minmay_liquid_box, uniq_crazy_yiuf_cottage,
          uniq_jessica

Skill      XL: |  1  2 |
---------------+-------+-----
Fighting       | 4 |  4.4
Dodging        | 3 |  3.2
Long Blades    | |  3.6

Action                   |  1- 3 |  4- 6 || total
-------------------------+-------+-------++-------
Melee: Falchion          |    77 |       ||    77
       Tailslap          |    11 |     3 ||    14
       Punch             |     1 |       ||     1
       Dagger            |       |    31 ||    31
Invok: Trog's Hand       |       |     1 ||     1
Armor: Skin              |    15 |    11 ||    26
Dodge: Dodged            |    48 |    19 ||    67

Table legend: (Time is in decaauts)
 A = Elapsed time spent in this place.
 B = Non-inter-level travel time spent in this place.
 C = Inter-level travel time spent in this place.
 D = Time resting spent in this place.
 E = Time spent auto-exploring this place.
 F = Levels seen in this place.
 G = Mean time per level.
                   A        B        C        D        E       F      G
               +--------+--------+--------+--------+--------+-----+--------+
         Total |   1431 |   1302 |    129 |     53 |   1005 |   2 |  715.5 |
       Dungeon |   1431 |   1302 |    129 |     53 |   1005 |   2 |  715.5 |
               +--------+--------+--------+--------+--------+-----+--------+

Top non-repeatable levels by time:
     D:1: 806 daAuts
     D:2: 624 daAuts
